 Dungeon Crawl Stone Soup version 0.32-a0-43-g058985b245 (webtiles) character file.

Game seed: 3719868393520321329

135 ytrimaz the Digger (level 5, -1/28 HPs)
             Began as a Gargoyle Earth Elementalist on Feb 1, 2024.
             Slain by Robin
             ... wielding a +0 trident
              (4 damage)
             ... on level 3 of the Dungeon on Feb 3, 2024.
             The game lasted 00:05:19 (2352 turns).

ytrimaz the Digger (Gargoyle Earth Elementalist)    Turns: 2352, Time: 00:05:19

Health: -1/28      AC:  6    Str: 11    XL:     5   Next: 18%
Magic:  2/9        EV: 11    Int: 18    God:
Gold:   107        SH:  0    Dex: 10    Spells: 6/10 levels left

rFire   . . .        i - +0 whip (elec)
rCold   . . .        (no shield)
rNeg    + . .        a - +0 robe
rPois   ∞            (no helmet)
rElec   +            (no cloak)
rCorr   +            (no gloves)
SInv    +            (no boots)
Will    .....        (no amulet)
Stlth   ++           c - ring of see invisible
HPRegen 0.24/turn    f - ring of resist corrosion
MPRegen 0.11/turn

%: no passive effects
@: no status effects
A: sickness immunity, AC +4, negative energy resistance 1, electricity
resistance, torment resistance 1, petrification resistance
a: no special abilities


You were on level 3 of the Dungeon.
You visited 1 branch of the dungeon, and saw 3 of its levels.

You collected 107 gold pieces.


Innate Abilities, Weirdness & Mutations

You are immune to sickness and miasma.
Your stone body is resilient. (AC +4)
You are immune to poison.
You resist negative energy. (rN+)
You are resistant to electric shocks. (rElec)
You are resistant to unholy torment.
You are immune to petrification.


   Skills:
 - Level 1.5 Dodging
 - Level 2.1 Stealth
 + Level 3.2 Spellcasting
 + Level 3.0 Conjurations
 + Level 4.9 Earth Magic


You had 6 spell levels left.
You knew the following spells:

 Your Spells              Type           Power      Damage    Failure   Level
a - Sandblast             Erth           40%        2d10      1%          1
b - Stone Arrow           Conj/Erth      34%        3d9       10%         3

Your spell library contained the following spells:

 Spells                   Type           Power      Damage    Failure   Level
 Passwall                 Erth           20%        N/A       6%          3
 Brom's Barrelling Bould  Conj/Erth      17%        2d4       30%         4
 Petrify                  Alch/Erth      11%        N/A       50%         4
 Irradiate                Conj/Alch      4%         3d13      93%         5
 Sublimation of Blood     Necr           Unusable   N/A       N/A         2

Inventory:

Hand Weapons
 i - a +0 whip of electrocution (weapon)
   (You took it off an orc on level 3 of the Dungeon)
Armour
 a - a +0 robe (worn)
Jewellery
 c - a ring of see invisible (left hand)
   (You found it on level 1 of the Dungeon)
 f - a ring of resist corrosion (right hand)
   (You found it on level 2 of the Dungeon)
Scrolls
 d - a scroll of identify {unknown}
Potions
 b - a potion of magic
 e - a potion of ambrosia {unknown}
 g - a potion of berserk rage {unknown}

Dungeon Overview and Level Annotations

Branches:
Dungeon (3/15) Zot: 15590

Altars:
Trog

Annotations:
D:3 Robin

#.....†.......
#####..?..........
.........)........
..........(.........
...........).........
..................>..
...........g)########
..........##)# #####
..........##@# #...#
..........##)# #...#
.............# #...#
.........##### #...#
.........# #...#########
........†#######...........#
########...................#
#############...........#
#.....[.................#


You could see Robin.


Message History

Unknown command.
You barely miss the goblin. The goblin hits you but does no damage.
The goblin closely misses you.
You hit the goblin. Lightning courses through the goblin!
You kill the goblin!
The goblin misses you. 😕 HP[+1]
You closely miss the goblin. Your punch misses the goblin.
The goblin closely misses you.
The goblin hits you with a +0 dagger. 😮 HP[-4]
You take 4 damage, and now have 21/28 hp.
Unknown command.
You closely miss the goblin. The goblin barely misses you. x2
You closely miss the goblin. The goblin hits you but does no damage.
The goblin hits you with a +0 dagger. 😮 HP[-5]
You take 5 damage, and now have 16/28 hp.
Unknown command.
You closely miss the goblin. You punch the goblin, but do no damage.
The goblin no longer looks unusually strong.
Robin hits you from afar with a +0 trident.
The goblin hits you with a +0 dagger.
* * * LOW HITPOINT WARNING * * *
The goblin misses you. 😨 HP[-2]
You take 2 damage, and now have 14/28 hp.
You hit the goblin. Robin closely misses you. The goblin barely misses you.
The goblin hits you but does no damage.
Unknown command.
You completely miss the goblin. Your punch misses the goblin.
The goblin hits you but does no damage. x2; The goblin closely misses you. 😨 MP[+1]
You closely miss the goblin.
The goblin no longer looks unusually strong.
The goblin hits you with a +0 dagger.
* * * LOW HITPOINT WARNING * * *
The goblin hits you but does no damage.
Robin says, "My goblins will feast on your bones."
Robin hits you from afar with a +0 trident.
* * * LOW HITPOINT WARNING * * *
The goblin barely misses you. 😱 HP[-9]
You take 9 damage, and now have 5/28 hp.
MASSIVE DAMAGE!! (PAUSE)
You hit the goblin.
You kill the goblin!
Robin closely misses you.
The goblin misses you. 😱 HP[+1] Unknown command.
Aiming: Sandblast (safe; 2% risk of failure)
Press: ? - help, Q - select action Shift-Dir - straight line, f/p - goblin
Aim: a goblin, wielding a +0 dagger, wearing a +0 ring mail and quivering stones (81% to hit)
The blast of sand hits the goblin.
The goblin no longer looks unusually strong.
Robin hits you but does no damage. The goblin misses you. 😱 MP[-1]
You lost 1 mp, and now have 7/9 mp.
Unknown command.
Aiming: Sandblast (safe; 2% risk of failure)
Press: ? - help, Q - select action Shift-Dir - straight line, f/p - goblin
Aim: a goblin, wielding a +0 dagger, wearing a +0 ring mail and quivering stones (heavily wounded, 81% to hit)
The blast of sand misses the goblin.
The blast of sand hits the goblin!
You kill the goblin!
Robin barely misses you. The goblin barely misses you.
Robin hits you but does no damage. The goblin hits you with a +0 dagger.
* * * LOW HITPOINT WARNING * * *
😱 HP[-2] MP[-1]
You take 2 damage, and now have 4/28 hp.
You lost 1 mp, and now have 6/9 mp.
Unknown command.
Unknown command.
Aiming: Sandblast (safe; 2% risk of failure)
Press: ? - help, Q - select action Shift-Dir - straight line, f/p - goblin
Aim: a goblin, wielding a +0 dagger, wearing a +0 ring mail and quivering stones (heavily wounded, 81% to hit)
The blast of sand hits the goblin!
You kill the goblin!
Robin barely misses you. 😱 HP[+1] MP[-1]
You lost 1 mp, and now have 5/9 mp.
Aiming: Sandblast (safe; 1% risk of failure)
Press: ? - help, Q - select action Shift-Dir - straight line, f - Robin
Aim: Robin, wielding a +0 trident, wearing a +0 animal skin and wearing a +0 helmet (87% to hit)
The blast of sand hits Robin but does no damage.
Robin hits you but does no damage.
Robin hits you from afar with a +0 trident.
* * * LOW HITPOINT WARNING * * *
😱 HP[-2] MP[-1]
You take 2 damage, and now have 3/28 hp.
You lost 1 mp, and now have 4/9 mp.
Unknown command.
Unknown command.
Casting: Sandblast (safe; 1% risk of failure)
Confirm with . or Enter, or press ? or * to list all spells.
Aiming: Stone Arrow (quite dangerous; 10% risk of failure)
Press: ? - help, Shift-Dir - straight line, f/p - Robin
Aim: Robin, wielding a +0 trident, wearing a +0 animal skin and wearing a +0 helmet (77% to hit)
The stone arrow hits Robin!
Robin hits you from afar with a +0 trident.
You die...
Robin lets out a smug laugh.

Skill      XL: |  1  2  3  4  5 |
---------------+----------------+-----
Earth Magic    | 4 |  4.9
Conjurations   | 2 3 |  3.0
Spellcasting   | 3 |  3.2
Dodging        | |  1.5
Stealth        | |  2.1

Action                     |  1- 3 |  4- 6 || total
---------------------------+-------+-------++-------
  Melee: Unarmed           |     4 |       ||     4
         Flail             |       |    14 ||    14
         Whip              |       |    12 ||    12
         Punch             |       |     1 ||     1
   Cast: Sandblast         |    50 |    33 ||    83
         Stone Arrow       |     4 |     1 ||     5
 Armour: Robe              |    18 |    54 ||    72
  Dodge: Dodged            |    17 |    37 ||    54

Levels and vault maps discovered:
D:1:      evilmike_arrival_come_back, layout_rooms
D:2:      wad_crossroads, layout_basic, shapermc_ecumenical_altar_pompeii
D:3:      layout_basic, mainiacjoe_overflow_tiny_flanked,
          mainiacjoe_overflow_catwalk, uniq_robin

Notes
Turn   | Place    | Note
-------+----------+-------------------------------------------
     0 | D:1      | ytrimaz the Gargoyle Earth Elementalist began the quest for
                  | the Orb.
     0 | D:1      | Reached XP level 1. HP: 10/10 MP: 3/3
     0 | D:1      | magus.rc [v1.9.6]
     9 | D:1      | Noticed an ogre
   252 | D:1      | Reached XP level 2. HP: 15/15 MP: 1/5
   458 | D:1      | Reached skill level 4 in Earth Magic
   618 | D:1      | Reached XP level 3. HP: 19/19 MP: 3/6
   622 | D:1      | Learned a level 3 spell: Stone Arrow
   737 | D:2      | Reached skill level 2 in Conjurations
  1122 | D:2      | You pick up a book of Transmutation and begin reading...
  1253 | D:2      | Found a faded altar of an unknown god.
  1480 | D:2      | Reached XP level 4. HP: 24/24 MP: 6/8
  1708 | D:2      | magus.rc [v1.9.6]
  1708 | D:2      | Upgraded the game from 0.32-a0-42-ga30500b4d3 to
                  | 0.32-a0-43-g058985b245
  1708 | D:2      | magus.rc [v1.9.6]
  2110 | D:3      | Found a bloodstained altar of Trog.
  2190 | D:3      | Reached skill level 3 in Spellcasting
  2282 | D:3      | Reached XP level 5. HP: 21/28 MP: 6/9
  2286 | D:3      | Reached skill level 3 in Conjurations
  2318 | D:3      | Noticed Robin
  2346 | D:3      | HP: 5/28 [Robin/+0 trident (6)]
  2351 | D:3      | HP: 3/28 [Robin/+0 trident (2)]
  2352 | D:3      | Slain by Robin

Vanquished Creatures
  An orc wizard (D:3)
  2 adders
  2 ribbon worms (D:2)
  2 dart slugs
  3 orcs (D:3)
  5 ball pythons
  6 endoplasms
  3 giant cockroaches (D:2)
  14 goblins
  9 hobgoblins
  6 jackals
  2 quokkas
  5 bats
  2 frilled lizards
  5 kobolds
  3 rats
70 creatures vanquished.

Table legend:
 A = Non-vault XP
 B = Vault XP
 C = Vault XP percentage of total XP
 D = Non-vault monster count
 E = Vault monster count
 F = Vault count percentage of total count
                 A         B        C        D         E       F
            +---------+---------+-------+---------+---------+-------
      Total |     160 |      33 |  17.1 |      54 |      16 |  22.9
            +---------+---------+-------+---------+---------+-------
        D:1 |      34 |       0 |   0.0 |      19 |       0 |   0.0
        D:2 |      57 |       9 |  13.6 |      23 |       4 |  14.8
        D:3 |      69 |      24 |  25.8 |      12 |      12 |  50.0
            +---------+---------+-------+---------+---------+-------

Skill      XL: |  1  2  3  4  5 |
---------------+----------------+-----
Earth Magic    | 4 |  4.9
Conjurations   | 2 3 |  3.0
Spellcasting   | 3 |  3.2
Dodging        | |  1.5
Stealth        | |  2.1

Action                     |  1- 3 |  4- 6 || total
---------------------------+-------+-------++-------
  Melee: Unarmed           |     4 |       ||     4
         Flail             |       |    14 ||    14
         Whip              |       |    12 ||    12
         Punch             |       |     1 ||     1
   Cast: Sandblast         |    50 |    33 ||    83
         Stone Arrow       |     4 |     1 ||     5
 Armour: Robe              |    18 |    54 ||    72
  Dodge: Dodged            |    17 |    37 ||    54

Illustrated notes

Table legend:
 A = Kills in this place as a percentage of kills in the entire game.
 B = Kills by you in this place as a percentage of kills by you in the entire game.
 C = Kills by friends in this place as a percentage of kills by friends in the entire game.
 D = Other kills in this place as a percentage of other kills in the entire game.
 E = Experience gained in this place as a percentage of experience gained in the entire game.
 F = Experience gained in this place divided by the number of levels of this place that you have seen.
                   A       B       C       D       E      F
               +-------+-------+-------+-------+-------+----------------------
         Total | 100.0 | 100.0 |   N/A |   N/A | 100.0 |  64.3
       Dungeon | 100.0 | 100.0 |   N/A |   N/A | 100.0 |  64.3
               +-------+-------+-------+-------+-------+----------------------

Table legend: (Time is in decaauts)
 A = Elapsed time spent in this place.
 B = Non-inter-level travel time spent in this place.
 C = Inter-level travel time spent in this place.
 D = Time resting spent in this place.
 E = Time spent auto-exploring this place.
 F = Levels seen in this place.
 G = Mean time per level.
                   A        B        C        D        E       F      G
               +--------+--------+--------+--------+--------+-----+--------+
         Total |   2408 |   2326 |     82 |    120 |   1756 |   3 |  802.7 |
       Dungeon |   2408 |   2326 |     82 |    120 |   1756 |   3 |  802.7 |
               +--------+--------+--------+--------+--------+-----+--------+

Top non-repeatable levels by time:
     D:2: 1361 daAuts
     D:1: 745 daAuts
     D:3: 301 daAuts
